 Dungeon Crawl Stone Soup version 0.30-a0-377-g5cb311bc9f (webtiles) character file.

Game seed: 17748548635507863236

6855 p00ps00p the Cleaver (level 11, -7/101 HPs)
             Began as a Hill Orc Fighter on Dec 1, 2022.
             Was an Initiate of Gozag.
             Mangled by a four-headed hydra (11 damage)
             ... on level 9 of the Dungeon.
             The game lasted 00:17:35 (7725 turns).

p00ps00p the Cleaver (Hill Orc Fighter)             Turns: 7725, Time: 00:17:35

Health: -7/101     AC: 16    Str: 24    XL:     11   Next: 6%
Magic:  11/11      EV:  9    Int:  8    God:    Gozag
Gold:   2177       SH: 10    Dex: 10    Spells: 10/10 levels left

rFire   . . .      SeeInvis .    n - +5 broad axe (flame)
rCold   . . .      Faith    .    v - +0 kite shield
rNeg    . . .      Spirit   .    s - +3 troll leather armour {Pargi}
rPois   .          Reflect  .    q - +2 hat
rElec   .          Harm     .    b - +1 cloak {Stlth+}
rCorr   +          Rampage  .    l - +2 pair of gloves
Will    .....                    (no boots)
Stlth   ++........               p - amulet of the acrobat
HPRegen 1.16/turn                r - ring of resist corrosion
MPRegen 0.12/turn                (no ring)

@: about to teleport, studying Dodging
A: no striking features
a: Renounce Religion, Potion Petition, Call Merchant, Bribe Branch


You were on level 9 of the Dungeon.
You worshipped Gozag.
Gozag was most pleased with you.
You visited 1 branch of the dungeon, and saw 9 of its levels.
You also visited: Sewer.

You collected 2250 gold pieces.
You paid 73 gold pieces to Gozag.

Inventory:

Hand Weapons
 n - a +5 broad axe of flaming (weapon)
Missiles
 B - 2 throwing nets (quivered)
Armour
 b - a +1 cloak of stealth (worn)
 l - a +2 pair of gloves (worn)
 q - a +2 hat (worn)
 s - a +3 troll leather armour (worn) {Pargi}
 v - a +0 kite shield (worn)
Jewellery
 p - an amulet of the acrobat (around neck)
 r - a ring of resist corrosion (left hand)
 t - a ring of wizardry
Wands
 x - a wand of charming (10)
 z - a wand of iceblast (30)
 A - a wand of flame (55)
Scrolls
 c - 2 scrolls of identify
 u - a scroll of fear
 y - a scroll of teleportation
Potions
 a - 2 potions of curing
 d - 3 potions of might
 e - 2 potions of invisibility {unknown}
 g - 3 potions of degeneration
 h - 2 potions of flight
 i - 3 potions of lignification
 j - 2 potions of magic
 k - 2 potions of cancellation
 m - 3 potions of attraction
 o - 3 potions of berserk rage
 w - 2 potions of ambrosia
 D - 2 potions of mutation {unknown}


   Skills:
 + Level 10.6 Fighting
 + Level 11.2 Axes
 + Level 9.7 Armour
 + Level 9.7 Shields


You had 10 spell levels left.
You didn't know any spells.
Your spell library contained the following spells:

 Spells                   Type           Power      Damage    Failure   Level
 Sandblast                Erth           0%         2d4       73%         1
 Summon Small Mammal      Summ           0%         N/A       73%         1
 Passwall                 Tmut/Erth      0%         N/A       86%         2
 Call Canine Familiar     Summ           0%         N/A       97%         3
 Gell's Gravitas          Tloc           0%         N/A       97%         3
 Lesser Beckoning         Tloc           0%         N/A       97%         3
 Stone Arrow              Conj/Erth      0%         3d7       97%         3
 Summon Guardian Golem    Hex/Summ       0%         N/A       97%         3
 Teleport Other           Tloc           0%         N/A       97%         3


Dungeon Overview and Level Annotations

Branches:
Dungeon (9/15)             Temple (0/1) D:7            Lair (0/5) D:9
  Sewer (visited)
    Orc: D:9-12

Altars:
Fedhas
Gozag
Kikubaaqudgha
Zin

Shops:
D:5 *


Message History

The seven-headed hydra bites you but does no damage. x2
You hack one of the seven-headed hydra's heads off!
The flame cauterises the wound!
You slash the six-headed hydra! You burn the six-headed hydra.
The six-headed hydra is moderately wounded.
The six-headed hydra bites you. The six-headed hydra bites you!
The six-headed hydra closely misses you.
The six-headed hydra bites you but does no damage.
You block the six-headed hydra's attack.
The six-headed hydra barely misses you.
You slice one of the six-headed hydra's heads off!
The flame cauterises the wound!
You hit the five-headed hydra. You burn the five-headed hydra.
The five-headed hydra is moderately wounded.
The five-headed hydra bites you. x2; The five-headed hydra bites you!
The five-headed hydra bites you.
You block the five-headed hydra's attack.
You lop one of the five-headed hydra's heads off!
The flame cauterises the wound!
You hit the four-headed hydra. You burn the four-headed hydra.
The four-headed hydra is moderately wounded.
The four-headed hydra bites you but does no damage. x3
The four-headed hydra bites you.
You completely miss the four-headed hydra.
The four-headed hydra is moderately wounded.
You block the four-headed hydra's attack.
The four-headed hydra bites you.
The four-headed hydra bites you but does no damage.
The four-headed hydra bites you!
* * * LOW HITPOINT WARNING * * *
As you read the scroll of teleportation, it crumbles to dust.
You feel strangely unstable.
You block the four-headed hydra's attack.
The four-headed hydra bites you!
* * * LOW HITPOINT WARNING * * *
The four-headed hydra bites you!
* * * LOW HITPOINT WARNING * * *
The four-headed hydra bites you!
You die...
Your body crumbles into a pile of gold.

## #. .. .# .## #D## ##@.#
#####...# ## #......## $ #
#...#####'#########+#####.#
#....)..................#
##.##.....#.#...........#
#..#...............#..#.
#.................#....
###....................


You could see a four-headed hydra.

Vanquished Creatures
  A hydra (D:9)
  A two-headed ogre (D:9)
  Pikel (D:6)
  Joseph (D:7)
  A rime drake (D:9)
  2 hornets (D:8)
  Prince Ribbit (D:7)
  A wyvern (D:8)
  2 steam dragons (D:6)
  A redback (shapeshifter) (D:9)
  2 water moccasins (D:9)
  Duvessa (D:5)
  An orc warrior (D:9)
  Pargi (Sewer)
  3 ice beasts
  2 black bears
  3 wolves (D:9)
  2 centaurs
  3 kobold brigands
  5 bullfrogs
  3 gnoll sergeants
  Blork the orc (D:6)
  3 necrophages
  2 scorpions
  A wight (D:8)
  Dowan (D:5)
  A howler monkey (D:5)
  3 hounds
  3 orc priests
  A gnoll bouda (D:6)
  4 jellies
  5 orc wizards
  3 iguanas
  19 gnolls
  11 adders
  A shadow imp (D:5)
  2 white imps
  An ufetubus (D:7)
  3 dart slugs
  28 orcs
  6 endoplasms
  6 giant cockroaches
  3 goblins
  5 hobgoblins
  7 kobolds
  8 quokkas
  5 ball pythons
  13 bats
  5 frilled lizards
  4 rats
193 creatures vanquished.

Notes
Turn   | Place    | Note
-------+----------+-------------------------------------------
     0 | D:1      | p00ps00p the Hill Orc Fighter began the quest for the Orb.
     0 | D:1      | Reached XP level 1. HP: 19/19 MP: 1/1
   110 | D:1      | Reached skill level 3 in Axes
   110 | D:1      | Reached XP level 2. HP: 16/27 MP: 2/2
   504 | D:1      | Reached XP level 3. HP: 32/33 MP: 3/3
  1287 | D:2      | Reached XP level 4. HP: 40/40 MP: 4/4
  1457 | D:2      | Found a blossoming altar of Fedhas.
  1633 | D:3      | Reached skill level 4 in Axes
  1714 | D:3      | Found a glowing drain.
  1719 | D:3      | Reached XP level 5. HP: 47/47 MP: 5/5
  1731 | Sewer    | Entered a sewer
  1756 | Sewer    | Noticed Pargi
  1766 | Sewer    | Killed Pargi
  2183 | D:3      | Reached XP level 6. HP: 55/55 MP: 6/6
  2224 | D:3      | Reached skill level 5 in Fighting
  2373 | D:3      | Found a faded altar of an unknown god.
  2641 | D:4      | Reached skill level 5 in Axes
  2776 | D:4      | Reached skill level 5 in Armour
  2804 | D:4      | Noticed a black bear
  2811 | D:4      | Killed a black bear
  2812 | D:4      | Reached skill level 5 in Shields
  2812 | D:4      | Reached XP level 7. HP: 53/61 MP: 7/7
  3284 | D:5      | Entered Level 5 of the Dungeon
  3284 | D:5      | Found an opulent altar of Gozag.
  3284 | D:5      | Found Gozag's Platinum Reserve.
  3317 | D:5      | Became a worshipper of Gozag Ym Sagoz the Greedy
  3445 | D:5      | Noticed Duvessa
  3453 | D:5      | Noticed Dowan
  3455 | D:5      | Reached skill level 6 in Axes
  3464 | D:5      | Killed Duvessa
  3466 | D:5      | Reached XP level 8. HP: 26/71 MP: 8/8
  3484 | D:5      | Killed Dowan
  4199 | D:6      | Reached skill level 7 in Axes
  4218 | D:6      | Noticed Blork the orc
  4223 | D:6      | Killed Blork the orc
  4557 | D:6      | Reached XP level 9. HP: 65/79 MP: 9/9
  4589 | D:6      | Reached skill level 8 in Axes
  4611 | D:6      | Noticed Pikel
  4621 | D:6      | Killed Pikel
  4747 | D:6      | Identified 3 scrolls of acquirement
  4747 | D:6      | Acquired 1140 gold pieces
  4748 | D:6      | Acquired a manual of Dodging
  4749 | D:6      | Acquired a +5 broad axe of freezing
  5364 | D:7      | Found an ancient bone altar of Kikubaaqudgha.
  5424 | D:7      | Found a glowing silver altar of Zin.
  5639 | D:7      | Reached skill level 9 in Axes
  5653 | D:7      | Noticed Joseph
  5670 | D:7      | Killed Joseph
  5788 | D:7      | Reached XP level 10. HP: 91/91 MP: 10/10
  5801 | D:7      | Found a staircase to the Ecumenical Temple.
  5974 | D:7      | Noticed Prince Ribbit
  5987 | D:7      | Killed Prince Ribbit
  6648 | D:8      | Identified the +1 robe of Birdsong {Harm rPois rF++ SInv}
  6696 | D:8      | Paralysed by a hornet for 3 turns
  6702 | D:8      | Paralysed by a hornet for 2 turns
  6837 | D:8      | Reached skill level 10 in Axes
  7090 | D:8      | Paralysed by a hornet for 1 turns
  7350 | D:9      | Found a staircase to the Lair.
  7390 | D:9      | Noticed a four-headed hydra
  7392 | D:9      | Noticed a black mamba
  7438 | D:9      | Reached skill level 10 in Fighting
  7448 | D:9      | a yaktaur changed into a cane toad
  7448 | D:9      | Noticed a cane toad (shapeshifter)
  7456 | D:9      | a cane toad changed into a shapeshifter
  7477 | D:9      | Killed a one-headed hydra
  7637 | D:9      | Noticed a two-headed ogre
  7648 | D:9      | Killed a two-headed ogre
  7649 | D:9      | Reached skill level 11 in Axes
  7649 | D:9      | Reached XP level 11. HP: 66/101 MP: 11/11
  7716 | D:9      | Noticed an eight-headed hydra
  7725 | D:9      | HP: 4/101 [four-headed hydra (10)]
  7725 | D:9      | Mangled by a four-headed hydra

Illustrated notes

Levels and vault maps discovered:
D:1:      heliophobic_arrival_glass_houses, layout_basic
D:2:      layout_basic, basic_altar, minmay_tromino_v4_c
D:3:      layout_rooms, gup_sewer_entry_pipe, ebering_ecumenical_altar_webs,
          kennysheep_flooded_box, minivault_14
D:4:      layout_basic
D:5:      layout_basic, nicolae_gozag_zags_fifth_avenue, minmay_checkerbox,
          uniq_duvessa
D:6:      layout_loops_corners, uniq_pikel, uniq_blork_the_orc
D:7:      layout_loops_cross, zin_treasury, old_standard_altar, temple_green,
          hangedman_glass_teeth, nicolae_concentric_dashed_squares_wild,
          uniq_joseph, uniq_prince_ribbit1
D:8:      layout_cave_pods, kennysheep_diamond, hangedman_decor_riveting,
          minmay_between
D:9:      minmay_the_grid_3x2 [minmay_the_grid_spikes, minmay_the_grid_eight,
          minmay_the_grid_zigzag_pyramid, minmay_the_grid_all_tris,
          minmay_the_grid_fan, minmay_the_grid_prize_inner_circle],
          layout_cave_pools, hellmonk_lair_entry_icy, serial_park,
          serial_park_tiny_2, serial_park_tiny_2, minmay_mirror_moons_of_madness

Skill      XL: |  1  2  3  4  5  6  7  8  9 10 |
---------------+-------------------------------+-----
Axes           | 3 4 5 6 7 9 11 | 11.2
Fighting       | 4 5 6 7 9 10 | 10.6
Armour         | 4 5 7 8 9 |  9.7
Shields        | 4 5 6 8 9 |  9.7

Action                   |  1- 3 |  4- 6 |  7- 9 | 10-12 || total
-------------------------+-------+-------+-------+-------++-------
Melee: War axe           |    75 |   114 |   170 |       ||   359
       Broad axe         |       |       |    44 |   127 ||   171
Evoke: Wand              |       |       |       |     6 ||     6
  Use: Scroll            |       |    11 |    11 |     8 ||    30
       Potion            |       |       |       |     2 ||     2
 Stab: Distracted        |       |       |     2 |       ||     2
       Sleeping          |       |       |       |     1 ||     1
Armor: Scale mail        |    60 |    44 |       |       ||   104
       Troll leather arm |       |    42 |   107 |    85 ||   234
Dodge: Dodged            |    47 |    72 |   115 |    74 ||   308
Block: Buckler           |    24 |    39 |    42 |       ||   105
       Kite shield       |       |       |    31 |    91 ||   122

Table legend: (Time is in decaauts)
 A = Elapsed time spent in this place.
 B = Non-inter-level travel time spent in this place.
 C = Inter-level travel time spent in this place.
 D = Time resting spent in this place.
 E = Time spent auto-exploring this place.
 F = Levels seen in this place.
 G = Mean time per level.
                   A        B        C        D        E       F      G
               +--------+--------+--------+--------+--------+-----+--------+
         Total |   7888 |   7678 |    210 |    908 |   4642 |  10 |  788.8 |
       Dungeon |   7460 |   7250 |    210 |    608 |   4586 |   9 |  828.9 |
         Sewer |    428 |    428 |      0 |    300 |     56 |   1 |  428.0 |
               +--------+--------+--------+--------+--------+-----+--------+

Top non-repeatable levels by time:
     D:6: 1299 daAuts
     D:8: 1222 daAuts
     D:1: 923 daAuts
     D:5: 785 daAuts
     D:7: 773 daAuts
     D:3: 719 daAuts
     D:4: 683 daAuts
     D:2: 619 daAuts
     D:9: 434 daAuts
   Sewer: 428 daAuts
